 Dungeon Crawl Stone Soup version 0.30-a0-859-gf88a04b62d (webtiles) character file.

Game seed: 9094855820537193364

3483 ytrimaz the Fighter (level 10, -15/79 HPs)
             Began as a Formicid Fighter on Mar 6, 2023.
             Was a Believer of Hepliaklqana.
             Demolished by an orc warlord
             ... wielding a +7 broad axe
              (20 damage)
             ... in a bailey.
             The game lasted 00:14:31 (7553 turns).

ytrimaz the Fighter (Formicid Fighter)              Turns: 7553, Time: 00:14:32

Health: -15/79     AC: 16    Str: 25    XL:     10   Next: 27%
Magic:  10/10      EV:  6    Int:  8    God:    Hepliaklqana [**....]
Gold:   431        SH:  6    Dex: 19    Spells: 9/9 levels left

rFire   . . .      SeeInvis +    t - +2 mace (heavy)
rCold   . . .      Faith    .    c - +0 buckler
rNeg    . . .      Spirit   .    p - +0 plate armour
rPois   +          Reflect  .    (helmet unavailable)
rElec   .          Rampage  .    (no cloak)
rCorr   .                        v - +0 pair of gloves
Will    +....                    y - +2 pair of boots Stlth
                                 (no amulet)
HPRegen 0.33/turn                r - ring of poison resistance
MPRegen 0.12/turn                h - +6 ring of dexterity

@: mighty, invisible
A: reduced essence, permanent stasis, dig shafts and tunnels, antennae 3, four
strong arms
a: Dig, Renounce Religion, Recall Ancestor, Ancestor Identity


You were in a bailey.
You worshipped Hepliaklqana.
Hepliaklqana was pleased with you.
You visited 2 branches of the dungeon, and saw 8 of its levels.
You also visited: Sewer and Bailey.

You collected 464 gold pieces.
You spent 33 gold pieces at shops.


Innate Abilities, Weirdness & Mutations

Your life essence is reduced to manifest your ancestor. (-10% HP)
You cannot be hasted, slowed, berserked, paralysed or teleported.
You can dig through walls and to a lower floor.
You have a pair of large antennae on your head. (SInv)
Your four strong arms can wield two-handed weapons with a shield.


   Skills:
 + Level 11.2 Fighting
 + Level 10.0 Maces & Flails
 - Level 4.3 Armour
 - Level 4.0 Shields


You had 9 spell levels left.
You didn't know any spells.
Your spell library contained the following spells:

 Spells                   Type           Power      Damage    Failure   Level
 Necrotise                Necr           0%         1d4       100%        1
 Cigotuvi's Dreadful Rot  Necr/Pois/Air  0%         N/A       100%        2
 Ensorcelled Hibernation  Hex/Ice        0%         N/A       100%        2
 Passwall                 Tmut/Erth      0%         N/A       100%        2
 Frozen Ramparts          Ice            0%         1d1       100%        3
 Gell's Gravitas          Tloc           0%         N/A       100%        3
 Spider Form              Tmut/Pois      0%         N/A       100%        3
 Stone Arrow              Conj/Erth      0%         3d7       100%        3
 Teleport Other           Tloc           0%         N/A       100%        3
 Vampiric Draining        Necr           0%         2d6       100%        3
 Anguish                  Hex/Necr       0%         N/A       100%        4
 Animate Armour           Summ/Erth      0%         N/A       100%        4
 Ice Form                 Ice/Tmut       0%         N/A       100%        4
 Summon Ice Beast         Ice/Summ       0%         N/A       100%        4
 Agony                    Necr           0%         N/A       100%        5
 Freezing Cloud           Conj/Ice/Air   0%         6-21      100%        5
 Summon Forest            Summ/Tloc      0%         N/A       100%        5
 Dispersal                Tloc           0%         N/A       100%        6
 Spellforged Servitor     Conj/Summ      0%         N/A       100%        7
 Lehudib's Crystal Spear  Conj/Erth      0%         10d2      100%        8
 Swiftness                Air            Unusable   N/A       N/A         3

Inventory:

Hand Weapons
 t - a +2 heavy mace (weapon)
   (You took it off an orc on level 5 of the Dungeon)
 x - a +0 giant club
   (You took it off an ogre on level 6 of the Dungeon)
 z - a +0 giant spiked club of freezing
   (You took it off an ogre on level 6 of the Dungeon)
Armour
 c - a +0 buckler (worn)
 p - a +0 plate armour (worn)
   (You took it off an orc warrior in a bailey)
 v - a +0 pair of gloves (worn)
   (You found it on level 5 of the Dungeon)
 y - a +2 pair of boots (worn)
   (You found it on level 7 of the Dungeon)
Jewellery
 a - a +6 ring of intelligence
   (You found it on level 7 of the Dungeon)
 h - a +6 ring of dexterity (right hand)
   (You found it on level 7 of the Dungeon)
 r - a ring of poison resistance (left hand)
   (You found it on level 3 of the Dungeon)
Wands
 g - a wand of digging (4)
   (You took it off Natasha on level 4 of the Dungeon)
Scrolls
 b - 2 scrolls of fog {unknown}
 d - 2 scrolls of enchant armour
 j - a scroll of enchant weapon
 m - 3 scrolls of poison
Potions
 e - a potion of curing
 f - a potion of flight
 i - a potion of invisibility
 k - 7 potions of mutation
 l - 3 potions of ambrosia
 n - a potion of might
 o - 2 potions of brilliance
 q - 2 potions of attraction
 u - 2 potions of resistance

Dungeon Overview and Level Annotations

Branches:
Dungeon (7/15) Zot: 26820  Temple (1/1) D:4 Zot: 5737   Sewer (visited)
 Bailey (1/1) Zot: 5357

Altars:
Ashenzari
Cheibriados
Dithmenos
Elyvilon
Fedhas
Gozag
Hepliaklqana
Makhleb
Nemelex Xobeh
Okawaru
Qazlal
Ru
Sif Muna
Trog
Uskayaw
Vehumet
Xom
Yredelemnul
Zin
The Shining One

Shops:
D:6 *!

Annotations:
D:4 2 runed translucent doors, Zenkrye's ghost, amateur HuCA

...........####)##
#.........##..)))##
.........#.......#
.......##.......##
..... #.........# {
... ##.........##
{###)###.....⌠.....#
{
##88)88##..[......##
#..@o...#.........#
##...g...##)......##
+........)))......#
{##.........##.....##
#.....⌠.....#######
##.........##
#.........#
##.......## #.....?.#


You could see an orc warlord (unable to see you) and a gnoll (unable to see
you).


Message History

What are your orders? t - Shout!
Orders for allies: a - Attack new target. r - Retreat! s - Stop attacking. g - Guard the area. f - Follow me.
Anything else - Cancel.
Retreat in which direction?
Press: ? - help, Dir - move target Fall back!
Unknown command.
What are your orders? t - Shout!
Orders for allies: a - Attack new target. r - Retreat! s - Stop attacking. g - Guard the area. f - Follow me.
Anything else - Cancel.
Gang up on whom?
Press: ? - help, Dir - move target, f - orc
Aim: an orc, wielding a +0 hand axe and wearing a +0 leather armour (strong, unable to see you) Attack!
The orc hits you but does no damage.
Unknown command.
You bludgeon the orc!!
You kill the orc!
The gnoll hits Fikile with a +0 hand axe.
Fikile casts a spell at the gnoll.
The gnoll resists with significant effort.
The gnoll hits Fikile but does no damage.
You swap places.
The orc warrior suddenly complains.
The gnoll hits you but does no damage.
The orc cheers repeatedly.
Things that are here:
a +0 hand axe; a +0 leather armour You sock the gnoll!
You kill the gnoll!
You catch the helpless orc warrior completely off-guard!
You bludgeon the orc warrior!!
You kill the orc warrior!
Your Maces & Flails skill increases to level 10! 😎 HP[+1]
You now have 79 max hp (+1).
Your hp is fully restored (79).
You bludgeon the orc warlord!!
The orc warlord hits you with a +7 broad axe. 😕 HP[-2]
You take 2 damage, and now have 77/79 hp.
The orc no longer looks unusually strong.
The orc warlord hits Fikile with a +7 broad axe!!
Fikile is destroyed!
Unknown command.
You sock the orc warlord! You block the orc warlord's attack.
The orc warlord hits you with a +7 broad axe!! 😮 HP[-24]
You take 24 damage, and now have 53/79 hp.
MASSIVE DAMAGE!! (PAUSE)
You hit the orc warlord.
The orc warlord roars a battlecry!
The orc goes into a battle-frenzy!
You catch the helpless orc warlord completely off-guard!
You hit the orc warlord. 😮 HP[+1] Unknown command.
You sock the hobgoblin!
You kill the hobgoblin!
You bludgeon the orc warlord!!
The orc warlord hits you with a +7 broad axe. 😮 HP[-5]
You take 5 damage, and now have 49/79 hp.
You sock the orc warlord!
Unknown command.
You sock the orc!
You kill the orc!
The orc warlord cheers loudly, as Orcs often do.
The orc warlord hits you with a +7 broad axe!!
* * * LOW HITPOINT WARNING * * *
The orc warlord hits you with a +7 broad axe.
* * * LOW HITPOINT WARNING * * *
😨 HP[-21]
You take 21 damage, and now have 28/79 hp.
MASSIVE DAMAGE!! (PAUSE)
You closely miss the orc warlord. The gnoll hits you with a +0 hand axe.
* * * LOW HITPOINT WARNING * * *
The orc warlord hits you with a +7 broad axe!
* * * LOW HITPOINT WARNING * * *
😱 HP[-11]
You take 11 damage, and now have 17/79 hp.
Unknown command.
You feel much better. The gnoll hits you but does no damage.
The orc warlord barely misses you. 😨 HP[+19]
You regained 19 hp, and now have 36/79 hp.
Unknown command.
You thump the orc warlord!
The orc warlord hits you with a +7 broad axe!!
* * * LOW HITPOINT WARNING * * *
😱 HP[-31]
You take 31 damage, and now have 5/79 hp.
MASSIVE DAMAGE!! (PAUSE)
You barely miss the orc warlord.
The orc warlord hits you with a +7 broad axe!!
You die...

Skill      XL: |  1  2  3  4  5  6  7  8  9 10 |
---------------+-------------------------------+-----
Fighting       | 4 5 6 8 10 11 | 11.2
Armour         | 4 |  4.3
Maces & Flails | 3 5 7 9 10 | 10.0
Shields        | |  4.0

Action                     |  1- 3 |  4- 6 |  7- 9 | 10-12 || total
---------------------------+-------+-------+-------+-------++-------
  Melee: Flail             |   125 |   178 |   140 |       ||   443
         Mace              |       |       |   141 |    47 ||   188
 Invoke: Ancestor Life: He |       |       |       |     1 ||     1
Ability: Dig               |       |       |     1 |       ||     1
    Use: Scroll            |     4 |     6 |     8 |       ||    18
         Potion            |       |     4 |     2 |     3 ||     9
   Stab: Invisible         |       |       |       |     2 ||     2
         Distracted        |       |       |       |     1 ||     1
         Confused          |       |       |       |     1 ||     1
 Armour: Scale mail        |    65 |    93 |   144 |    19 ||   321
         Skin              |       |    22 |       |       ||    22
         Plate armour      |       |       |       |     3 ||     3
  Dodge: Dodged            |    50 |    65 |   149 |    17 ||   281
  Block: Buckler           |    41 |    59 |    81 |    19 ||   200

Levels and vault maps discovered:
D:1:      scummos_arrival_gate, layout_basic
D:2:      cheibrodos_old_hovel, layout_loops_corners,
          shapermc_ecumenical_altar_venn, grunt_ministairs_4
D:3:      layout_rooms, nicolae_ashenzari_panopticon
D:4:      layout_loops_ring, jmf_multi_god_temple,
          minmay_temple_entry_statues_pillars, ebering_ghost_sewer_f,
          uniq_pikel, uniq_natasha
D:5:      layout_basic, mainiacjoe_overflow_small_starburst,
          lemuel_coloured_pillars_altar, gup_sewer_entry_spiral
D:6:      layout_cave_pools, mainiacjoe_overflow_alcove_3,
          okawaru_ov_weapons_minmay, serial_shops,
          nicolae_shop_advertising_works [nicolae_subvault_shop_adworks],
          nicolae_shop_waterfront, minmay_checkerbox
D:7:      layout_cave_pools, enter_bailey_5
Temple:   jpeg_temple_alley_garden
Bailey:   bailey_axe_minmay_hex_keep, bailey

Notes
Turn   | Place    | Note
-------+----------+-------------------------------------------
     0 | D:1      | ytrimaz the Formicid Fighter began the quest for the Orb.
     0 | D:1      | Reached XP level 1. HP: 18/18 MP: 1/1
     0 | D:1      | magus.rc [v1.9.6]
   115 | D:1      | Reached XP level 2. HP: 24/24 MP: 2/2
   537 | D:1      | Reached XP level 3. HP: 15/30 MP: 3/3
  1070 | D:2      | Reached skill level 4 in Fighting
  1070 | D:2      | Reached skill level 4 in Armour
  1070 | D:2      | Reached XP level 4. HP: 16/37 MP: 4/4
  1191 | D:2      | Reached skill level 3 in Maces & Flails
  1400 | D:2      | Reached XP level 5. HP: 41/42 MP: 5/5
  1565 | D:2      | You pick up a book of Armaments and begin reading...
  1565 | D:2      | You add the spells Stone Arrow, Animate Armour and
                  | Lehudib's Crystal Spear to your library.
  1732 | D:2      | Found a faded altar of an unknown god.
  1966 | D:2      | You add the spells Cigotuvi's Dreadful Rot, Freezing Cloud,
                  | Summon Forest and Spellforged Servitor to your library.
  1966 | D:2      | Got the Incunabulum of Amalgamated Austromancy
  2053 | D:3      | You pick up a book of Burglary and begin reading...
  2053 | D:3      | You add the spells Passwall and Ensorcelled Hibernation to
                  | your library.
  2123 | D:3      | Found a broken altar of Ashenzari.
  2288 | D:2      | Reached skill level 5 in Fighting
  2288 | D:2      | Reached XP level 6. HP: 26/51 MP: 6/6
  2386 | D:2      | Reached skill level 4 in Maces & Flails
  2903 | D:4      | Noticed Pikel
  2911 | D:3      | HP: 14/76 [Pikel/+1 whip of electrocution (19)]
  2914 | D:3      | Killed Pikel
  2915 | D:3      | Reached skill level 6 in Fighting
  2915 | D:3      | Reached skill level 5 in Maces & Flails
  2915 | D:3      | Reached XP level 7. HP: 13/59 MP: 7/7
  2915 | D:3      | Reached XP level 8. HP: 14/65 MP: 8/8
  3125 | D:4      | Reached skill level 7 in Fighting
  3125 | D:4      | Reached skill level 6 in Maces & Flails
  3310 | D:4      | Found a shimmering blue altar of Sif Muna.
  3311 | D:4      | Found a hazy altar of Hepliaklqana.
  3455 | D:4      | Became a worshipper of Hepliaklqana the Forgotten
  3496 | D:4      | Found a staircase to the Ecumenical Temple.
  3507 | Temple   | Entered the Ecumenical Temple
  3786 | D:4      | Found a runed translucent door.
  3787 | D:4      | Noticed Zenkrye's ghost (amateur HuCA)
  4173 | D:4      | Found a runed translucent door.
  4321 | D:4      | Noticed Natasha
  4328 | D:4      | Killed Natasha
  4329 | D:4      | Reached skill level 8 in Fighting
  4376 | D:4      | You pick up a book of Rime and begin reading...
  4376 | D:4      | You add the spells Frozen Ramparts, Ice Form and Summon Ice
                  | Beast to your library.
  4386 | D:4      | Noticed Natasha
  4393 | D:4      | Killed Natasha
  4553 | D:4      | Noticed Natasha
  4560 | D:4      | Killed Natasha
  4561 | D:4      | Reached skill level 7 in Maces & Flails
  4585 | D:5      | Entered Level 5 of the Dungeon
  4601 | D:5      | You add the spells Gell's Gravitas, Teleport Other and
                  | Dispersal to your library.
  4803 | D:5      | Found a hide-covered altar of Uskayaw.
  4807 | D:5      | Identified the +8 short sword of Nightmares {heavy, Fragile
                  | rElec rCorr Int+8}
  4963 | D:5      | Reached * piety under Hepliaklqana
  5058 | D:5      | Reached XP level 9. HP: 34/67 MP: 9/9
  5116 | D:5      | Found a glowing drain.
  5120 | Sewer    | Entered a sewer
  5387 | Sewer    | Reached skill level 9 in Fighting
  5536 | D:5      | Reached skill level 8 in Maces & Flails
  5580 | D:5      | Found a sacrificial altar of Ru.
  5992 | D:6      | Found Haca's Distillery.
  6000 | D:6      | Bought a potion of attraction for 33 gold pieces
  6009 | D:6      | Found Weritiofo's General Store.
  6157 | D:6      | Reached skill level 10 in Fighting
  6327 | D:6      | Reached ** piety under Hepliaklqana
  6341 | D:6      | Found an iron altar of Okawaru.
  6396 | D:6      | Reached skill level 9 in Maces & Flails
  6471 | D:6      | You pick up a book of Dreams and begin reading...
  6471 | D:6      | You add the spells Spider Form and Anguish to your library.
  6539 | D:6      | Found a shadowy altar of Dithmenos.
  6539 | D:6      | Found a shimmering altar of Xom.
  6541 | D:6      | Found a glowing silver altar of Zin.
  6541 | D:6      | Found a stormy altar of Qazlal.
  6764 | D:7      | You pick up a book of Necromancy and begin reading...
  6764 | D:7      | You add the spells Necrotise, Vampiric Draining and Agony
                  | to your library.
  6887 | D:7      | HP: 7/70 [orc warrior/+0 halberd (14)]
  6893 | D:7      | HP: 17/70 [orc warrior/+0 halberd (6)]
  6921 | D:7      | Found a flagged portal.
  6929 | D:7      | HP: 10/70 [killer bee (8)]
  6930 | Bailey   | Entered a bailey
  6933 | Bailey   | HP: 4/70 [poisoned by a killer bee]
  6937 | Bailey   | HP: 1/70 [poisoned by a killer bee]
  7179 | Bailey   | Reached XP level 10. HP: 59/77 MP: 10/10
  7251 | Bailey   | Remembered your ancestor Fikile as a hexer
  7353 | Bailey   | Reached skill level 11 in Fighting
  7529 | Bailey   | Noticed an orc warlord
  7540 | Bailey   | Reached skill level 10 in Maces & Flails
  7550 | Bailey   | HP: 17/79 [orc warlord/+7 broad axe (11)]
  7552 | Bailey   | HP: 5/79 [orc warlord/+7 broad axe (32)]
  7553 | Bailey   | Demolished by an orc warlord

Vanquished Creatures
  Pikel (D:3)
  An ice beast (D:5)
  5 orc warriors (Bailey)
  A sky beast (D:6)
  2 ogres (D:6)
  3 centaurs
  2 phantoms
  3 bullfrogs
  2 scorpions
  A gnoll sergeant (D:6)
  4 jellies
  3 orc priests
  2 hounds
  5 iguanas
  A sleepcap (D:6)
  Natasha (thrice) (D:4)
  7 orc wizards
  11 gnolls
  A river rat (D:5)
  10 adders
  A shadow imp (D:7)
  3 white imps (D:6)
  3 worms
  5 dart slugs
  14 orcs
  9 ball pythons
  7 bats
  10 endoplasms
  9 giant cockroaches
  5 hobgoblins
  5 jackals
  8 quokkas
  6 frilled lizards
  11 goblins
  10 kobolds
  9 rats
183 creatures vanquished.

Vanquished Creatures (collateral kills)
  3 orc warriors (Bailey)
  A black bear (D:6)
  An orc priest (D:6)
  2 gnolls
  An adder (Sewer)
  3 orcs
  3 endoplasms (Sewer)
  4 giant cockroaches
  3 goblins (Bailey)
  2 hobgoblins (Bailey)
  3 quokkas (Sewer)
  3 ball pythons (Sewer)
  7 frilled lizards (Sewer)
36 creatures vanquished.

Vanquished Creatures (others)
  A hexer (Bailey)
  2 ancestors
  4 plants (D:2)
7 creatures vanquished.

Grand Total: 226 creatures vanquished

Table legend:
 A = Non-vault XP
 B = Vault XP
 C = Vault XP percentage of total XP
 D = Non-vault monster count
 E = Vault monster count
 F = Vault count percentage of total count
                 A         B        C        D         E       F
            +---------+---------+-------+---------+---------+-------
      Total |    2485 |    2492 |  50.1 |     131 |      88 |  40.2
            +---------+---------+-------+---------+---------+-------
        D:1 |      49 |       0 |   0.0 |      30 |       0 |   0.0
        D:2 |     283 |       5 |   1.7 |      27 |       3 |  10.0
        D:3 |      76 |     607 |  88.9 |      19 |       1 |   5.0
        D:4 |     560 |     144 |  20.5 |      22 |       3 |  12.0
        D:5 |     554 |      42 |   7.0 |      12 |       8 |  40.0
        D:6 |     906 |     236 |  20.7 |      18 |       4 |  18.2
        D:7 |      57 |       0 |   0.0 |       3 |       0 |   0.0
      Sewer |       0 |     274 | 100.0 |       0 |      39 | 100.0
     Bailey |       0 |    1184 | 100.0 |       0 |      30 | 100.0
            +---------+---------+-------+---------+---------+-------

Illustrated notes

Table legend:
 A = Kills in this place as a percentage of kills in the entire game.
 B = Kills by you in this place as a percentage of kills by you in the entire game.
 C = Kills by friends in this place as a percentage of kills by friends in the entire game.
 D = Other kills in this place as a percentage of other kills in the entire game.
 E = Experience gained in this place as a percentage of experience gained in the entire game.
 F = Experience gained in this place divided by the number of levels of this place that you have seen.
                   A       B       C       D       E      F
               +-------+-------+-------+-------+-------+----------------------
         Total | 100.0 | 100.0 | 100.0 |   N/A | 100.0 | 497.7
       Dungeon |  68.5 |  78.7 |  16.7 |   N/A |  70.7 | 502.7
         Sewer |  17.8 |  10.4 |  55.6 |   N/A |   5.5 | 274.0
        Bailey |  13.7 |  10.9 |  27.8 |   N/A |  23.8 | 1184.0
               +-------+-------+-------+-------+-------+----------------------

Table legend: (Time is in decaauts)
 A = Elapsed time spent in this place.
 B = Non-inter-level travel time spent in this place.
 C = Inter-level travel time spent in this place.
 D = Time resting spent in this place.
 E = Time spent auto-exploring this place.
 F = Levels seen in this place.
 G = Mean time per level.
                   A        B        C        D        E       F      G
               +--------+--------+--------+--------+--------+-----+--------+
         Total |   7839 |   7682 |    157 |    761 |   4899 |  10 |  783.9 |
       Dungeon |   6547 |   6442 |    105 |    508 |   4375 |   7 |  935.3 |
        Temple |    262 |    210 |     52 |      0 |    205 |   1 |  262.0 |
         Sewer |    387 |    387 |      0 |     35 |    102 |   1 |  387.0 |
        Bailey |    641 |    641 |      0 |    218 |    217 |   1 |  641.0 |
               +--------+--------+--------+--------+--------+-----+--------+

Top non-repeatable levels by time:
     D:2: 1407 daAuts
     D:4: 1232 daAuts
     D:5: 1047 daAuts
     D:1: 912 daAuts
     D:6: 895 daAuts
     D:3: 872 daAuts
  Bailey: 641 daAuts
   Sewer: 387 daAuts
  Temple: 262 daAuts
     D:7: 179 daAuts
